 Dungeon Crawl Stone Soup version 0.31-a0-128-g25add195a6 (webtiles) character file.

Game seed: 11055400746517801608

146 Darkkill the Shooter (level 5, 0/46 HPs)
             Began as a Minotaur Hunter on June 1, 2023.
             Slain by a shadow imp (1 damage)
             ... on level 4 of the Dungeon.
             The game lasted 00:01:21 (1177 turns).

Darkkill the Shooter (Minotaur Hunter)              Turns: 1177, Time: 00:01:21

Health: 0/46       AC:  3    Str: 16    XL:     5   Next: 7%
Magic:  4/4        EV: 13    Int:  6    God:
Gold:   36         SH:  0    Dex: 15    Spells: 4/4 levels left

rFire   . . .        a - +0 shortbow
rCold   . . .        (shield currently unavailable)
rNeg    . . .        c - +0 leather armour
rPois   .            (helmet restricted)
rElec   .            (no cloak)
rCorr   .            (no gloves)
SInv    .            (no boots)
Will    .....        (no amulet)
Stlth   +            (no ring)
HPRegen 0.27/turn    (no ring)
MPRegen 0.09/turn

%: no passive effects
@: confused, hasted, very quick
A: horns 2, retaliatory headbutt
a: no special abilities


You were on level 4 of the Dungeon.
You visited 1 branch of the dungeon, and saw 3 of its levels.

You collected 36 gold pieces.

Inventory:

Hand Weapons
 a - a +0 shortbow (weapon)
Missiles
 d - 3 poisoned darts
 f - 5 stones
Armour
 c - a +0 leather armour (worn)
Jewellery
 h - a +6 ring of strength
Scrolls
 b - a scroll of butterflies
 g - 5 scrolls of identify {@r1}


   Skills:
 + Level 3.7 Fighting
 + Level 5.1 Ranged Weapons
 + Level 3.4 Dodging
 + Level 2.2 Stealth


You had 4 spell levels left.
You didn't know any spells.
Your spell library contained the following spells:

 Spells                   Type           Power      Damage    Failure   Level
 Portal Projectile        Hex/Tloc       0%         N/A       88%         3
 Tukima's Dance           Hex            0%         N/A       88%         3
 Blade Hands              Tmut           0%         N/A       100%        5


Dungeon Overview and Level Annotations

Branches:
Dungeon (2/15)

Altars:

Annotations:
D:4 Duvessa


Innate Abilities, Weirdness & Mutations

You have a pair of horns on your head.
You reflexively headbutt those who attack you in melee.


Message History

The orc barely misses you. The orc closely misses you.
You shoot an arrow. The arrow hits the orc.
The orc is almost dead.
The orc barely misses you. Something hits you.
* * * LOW HITPOINT WARNING * * *
The orc hits you from afar with a +0 trident!
* * * LOW HITPOINT WARNING * * *
You feel better. Something hits you.
* * * LOW HITPOINT WARNING * * *
The orc misses you. The orc closely misses you.
You feel better.
You hear some strange, mumbled words.
Something tries to affect you, but you resist.
The orc barely misses you. The orc closely misses you.
You feel better. Something hits you. The orc closely misses you. x2
You furiously retaliate!
You headbutt the orc.
You kill the orc!
You feel better. Something hits you but does no damage.
The orc barely misses you.
You shoot an arrow.
A quasit comes into view.
You hear some strange, mumbled words.
A magic dart appears from out of thin air!
The magic dart hits you! The orc completely misses you.
The goblin hits you with a +0 club.
You shoot an arrow. The quasit gives a chilling moan.
You hear a bark!
You hear a shout!
Something hits you. The orc misses you. The goblin hits you with a +0 club.
You shoot an arrow. The arrow hits the goblin!
You kill the goblin!
Something hits you but does no damage. The orc misses you.
You shoot an arrow. The orc closely misses you. Something barely misses you.
The orc hits you from afar with a +0 trident.
You hear some strange, mumbled words.
Something tries to affect you, but you resist.
You shoot an arrow. The arrow closely misses the quasit.
The arrow closely misses the orc.
The quasit barely misses you. You furiously retaliate!
You headbutt the quasit!
The quasit claws you but does no damage.
The quasit barely misses you. Something hits you. The orc barely misses you.
You shoot an arrow. The arrow barely misses the quasit.
The arrow hits the orc.
The orc is heavily wounded.
The quasit misses you.
The quasit claws you but does no damage.
The quasit closely misses you.
The quasit bites you but does no damage.
The quasit claws you but does no damage.
The quasit barely misses you. Something hits you.
* * * LOW HITPOINT WARNING * * *
The orc misses you.
A kobold comes into view. It is wielding a +0 whip.
You shoot an arrow. The arrow closely misses the quasit.
The arrow barely misses the orc.
The quasit closely misses you.
The quasit claws you but does no damage.
The quasit closely misses you. Something hits you.
* * * LOW HITPOINT WARNING * * *
The orc closely misses you. The quasit misses you.
The quasit barely misses you. The quasit completely misses you.
It was a potion of haste.
You feel yourself speed up. Something hits you but does no damage.
The orc closely misses you.
The shadow imp shouts, "Escape, thou obnoxious dismal-dreaming dewberry!"
The quasit closely misses you. You furiously retaliate!
You headbutt the quasit! The quasit barely misses you. x2
You shoot an arrow. The arrow misses the quasit.
The arrow closely misses the orc.
The orc misses you. The quasit completely misses you. You furiously retaliate!
You headbutt the quasit.
You kill the quasit!
Something barely misses you.
You have reached level 5!
You shoot an arrow.
The arrow closely misses the shadow imp.
The arrow closely misses the orc.
The orc hits you from afar with a +0 trident!
* * * LOW HITPOINT WARNING * * *
Something hits you but does no damage. The shadow imp barely misses you.
You shoot an arrow.
The arrow hits the shadow imp but does no damage.
You shoot an arrow.
The arrow closely misses the shadow imp.
The arrow hits the orc.
The orc is heavily wounded.
The orc misses you. Something barely misses you.
The shadow imp barely misses you.
You shoot an arrow. The arrow hits the shadow imp.
The shadow imp is moderately wounded.
You hear a bark!
The orc hits you but does no damage.
You hear some strange, mumbled words.
You are confused.
The shadow imp barely misses you.
You are too confused!
Unknown command.
You clumsily bash the shadow imp but do no damage.
Your headbutt misses the shadow imp.
The shadow imp is moderately wounded.
The orc hits you from afar with a +0 trident.
* * * LOW HITPOINT WARNING * * *
The shadow imp hits you.
You die...

# .. ## ...
#####...# ....
##.......#
....o #@{# #
.g....#5#######
.#
......Ko......#
..#
........#####.#
.8.# .....#.##
#.## ...#
....#..
#..##...##
##.##.#
#........# #.
.. #......#..e
# #.. ######.#


You could see a shadow imp, an orc and a kobold.

Vanquished Creatures
  A quasit (D:4)
  An orc priest (D:4)
  Jessica (D:2)
  2 adders (D:2)
  An orc (D:4)
  5 ball pythons
  3 bats
  2 endoplasms
  5 goblins
  5 hobgoblins
  3 jackals (D:2)
  A kobold (D:2)
  2 quokkas
  A frilled lizard (D:1)
  5 rats
38 creatures vanquished.

Notes
Turn   | Place    | Note
-------+----------+-------------------------------------------
     0 | D:1      | Darkkill the Minotaur Hunter began the quest for the Orb.
     0 | D:1      | Reached XP level 1. HP: 18/18 MP: 0/0
   198 | D:1      | Reached skill level 1 in Stealth
   208 | D:1      | Reached XP level 2. HP: 21/25 MP: 1/1
   808 | D:2      | Reached XP level 3. HP: 22/31 MP: 2/2
   869 | D:2      | Noticed Jessica
   880 | D:2      | Killed Jessica
   940 | D:2      | Reached XP level 4. HP: 38/38 MP: 3/3
  1125 | D:2      | You fall into a shaft and drop 2 floors!
  1133 | D:4      | Noticed Duvessa
  1151 | D:4      | Reached skill level 5 in Ranged Weapons
  1159 | D:4      | HP: 2/38 [orc/+0 trident (8)]
  1173 | D:4      | Reached XP level 5. HP: 10/46 MP: 4/4
  1173 | D:4      | HP: 3/46 [orc/+0 trident (8)]
  1177 | D:4      | HP: 1/46 [orc/+0 trident (2)]
  1177 | D:4      | Slain by a shadow imp

Illustrated notes

Levels and vault maps discovered:
D:1:      onia_arrival_mini_spirals, layout_loops_ring
D:2:      minmay_alternating_diamond, layout_rooms, uniq_jessica
D:4:      layout_rooms, trog_antimagical, mainiacjoe_overflow_six_doors_small,
          serial_demonic, serial_demonic_c, serial_demonic_a, serial_demonic_f,
          serial_demonic_b, serial_demonic_f, serial_demonic_e,
          serial_demonic_d, serial_demonic_b, serial_bayou_lagoon_a,
          uniq_duvessa

Skill      XL: |  1  2  3  4 |
---------------+-------------+-----
Stealth        | 1 2 |  2.2
Fighting       | 3 |  3.7
Dodging        | 3 |  3.4
Ranged Weapons | 5 |  5.1

Action                     |  1- 3 |  4- 6 || total
---------------------------+-------+-------++-------
  Melee: Shortbow          |       |     1 ||     1
   Fire: Shortbow          |    85 |    38 ||   123
    Use: Scroll            |     3 |       ||     3
         Potion            |       |     5 ||     5
 Armour: Leather armour    |     9 |    15 ||    24
  Dodge: Dodged            |    33 |    56 ||    89

Table legend: (Time is in decaauts)
 A = Elapsed time spent in this place.
 B = Non-inter-level travel time spent in this place.
 C = Inter-level travel time spent in this place.
 D = Time resting spent in this place.
 E = Time spent auto-exploring this place.
 F = Levels seen in this place.
 G = Mean time per level.
                   A        B        C        D        E       F      G
               +--------+--------+--------+--------+--------+-----+--------+
         Total |   1198 |   1144 |     54 |      0 |    914 |   3 |  399.3 |
       Dungeon |   1198 |   1144 |     54 |      0 |    914 |   3 |  399.3 |
               +--------+--------+--------+--------+--------+-----+--------+

Top non-repeatable levels by time:
     D:1: 766 daAuts
     D:2: 378 daAuts
     D:4: 52 daAuts

Levels and vault maps discovered:
D:1:      onia_arrival_mini_spirals, layout_loops_ring
D:2:      minmay_alternating_diamond, layout_rooms, uniq_jessica
D:4:      layout_rooms, trog_antimagical, mainiacjoe_overflow_six_doors_small,
          serial_demonic, serial_demonic_c, serial_demonic_a, serial_demonic_f,
          serial_demonic_b, serial_demonic_f, serial_demonic_e,
          serial_demonic_d, serial_demonic_b, serial_bayou_lagoon_a,
          uniq_duvessa

Table legend: (Time is in decaauts)
 A = Elapsed time spent in this place.
 B = Non-inter-level travel time spent in this place.
 C = Inter-level travel time spent in this place.
 D = Time resting spent in this place.
 E = Time spent auto-exploring this place.
 F = Levels seen in this place.
 G = Mean time per level.
                   A        B        C        D        E       F      G
               +--------+--------+--------+--------+--------+-----+--------+
         Total |   1198 |   1144 |     54 |      0 |    914 |   3 |  399.3 |
       Dungeon |   1198 |   1144 |     54 |      0 |    914 |   3 |  399.3 |
               +--------+--------+--------+--------+--------+-----+--------+

Top non-repeatable levels by time:
     D:1: 766 daAuts
     D:2: 378 daAuts
     D:4: 52 daAuts

Table legend:
 A = Kills in this place as a percentage of kills in the entire game.
 B = Kills by you in this place as a percentage of kills by you in the entire game.
 C = Kills by friends in this place as a percentage of kills by friends in the entire game.
 D = Other kills in this place as a percentage of other kills in the entire game.
 E = Experience gained in this place as a percentage of experience gained in the entire game.
 F = Experience gained in this place divided by the number of levels of this place that you have seen.
                   A       B       C       D       E      F
               +-------+-------+-------+-------+-------+----------------------
         Total | 100.0 | 100.0 |   N/A |   N/A | 100.0 |  69.7
       Dungeon | 100.0 | 100.0 |   N/A |   N/A | 100.0 |  69.7
               +-------+-------+-------+-------+-------+----------------------
